 Dungeon Crawl Stone Soup version 0.28-a0-852-gbbce81c95b (webtiles) character file.

Game seed: 10080146551532040420

378 Octon the Chopper (level 6, -1/56 HPs)
             Began as a Deep Dwarf Fighter on Nov 15, 2021.
             Slain by an orc (4 damage)
             ... on level 4 of the Dungeon.
             The game lasted 00:27:48 (2315 turns).

Octon the Chopper (Deep Dwarf Fighter)              Turns: 2315, Time: 00:27:49

Health: -1/56      AC:  8    Str: 22    XL:     6   Next: 45%
Magic:  6/6        EV: 10    Int:  8    God:
Gold:   130        SH:  5    Dex: 12    Spells: 5/5 levels left

rFire   . . .      SeeInvis .   a - +1 war axe (elec)
rCold   . . .      Faith    .   c - +0 buckler
rNeg    . . .      Spirit   .   b - +0 scale mail
rPois   .          Reflect  .   i - +0 helmet
rElec   .          Harm     .   (no cloak)
rCorr   .          Rampage  .   (no gloves)
Will    .....                   (no boots)
Stlth   ..........              (no amulet)
HPRegen 0.00/turn               (no ring)
MPRegen 0.10/turn               (no ring)

@: no status effects
A: damage resistance, heal wounds, sense surroundings 1, no regeneration
a: Heal Wounds


You were on level 4 of the Dungeon.
You visited 1 branch of the dungeon, and saw 4 of its levels.

You collected 130 gold pieces.

Inventory:

Hand Weapons
 a - a +1 war axe of electrocution (weapon)
Armour
 b - a +0 scale mail (worn)
 c - a +0 buckler (worn)
 i - a +0 helmet (worn)
Scrolls
 f - a scroll of identify
 g - 2 scrolls of brand weapon
 h - 4 scrolls of amnesia
 k - a scroll of vulnerability
Potions
 d - a potion of haste


   Skills:
 + Level 3.4 Fighting
 + Level 5.1 Axes
 + Level 5.0 Armour
 + Level 1.9 Dodging
 + Level 0.5 Stealth
 + Level 3.9 Shields


You had 5 spell levels left.
You didn't know any spells.
Your spell library was empty.

Dungeon Overview and Level Annotations

Branches:
Dungeon (4/15)
 Temple: D:4-7

Altars:


Innate Abilities, Weirdness & Mutations

You are resistant to damage.
You can heal yourself by infusing magical energy.
You passively map a small area around you.
You do not regenerate.


Message History

A kobold comes into view.
It is wielding a +0 whip and quivering poisoned darts.
The kobold shouts!
The kobold throws a poisoned dart.
The poisoned dart closely misses you.
The kobold throws a poisoned dart.
The poisoned dart hits you!
You are poisoned.
The kobold throws a poisoned dart.
The poisoned dart completely misses you.
The kobold hits you but does no damage.
You closely miss the kobold. The kobold hits you but does no damage.
You barely miss the kobold. The kobold hits you but does no damage.
You barely miss the kobold. The kobold hits you with a +0 whip.
* * * LOW HITPOINT WARNING * * *
You slash the kobold!
You kill the kobold!
You are no longer poisoned.
Things that are here:
a +0 whip; 4 poisoned darts; a kobold corpse
Found a scroll labelled WAUKLICKOG.
You now have 130 gold pieces (gained 12).
e - a scroll labelled WAUKLICKOG
As you read the scroll labelled WAUKLICKOG, it crumbles to dust.
You feel strangely unstable.
It was a scroll of teleportation.
Your surroundings suddenly seem different.
An orc comes into view. It is wielding a +0 dagger.
You closely miss the orc. You barely miss the orc.
The orc hits you but does no damage. The orc completely misses you.
You closely miss the orc. The orc hits you with a +0 dagger.
You slash the orc!
You kill the orc!
Found 12 gold pieces.
Found 11 gold pieces and 33 stones. 2 orcs and an orc priest come into view.
An orc is wielding a +2 hand axe of electrocution.
Found 11 stones and 12 gold pieces.
The orc priest shouts!
An orc warrior comes into view. It is wielding a +0 halberd.
The orc hits you but does no damage.
You barely miss the orc. The orc hits you with a +0 trident.
You die...

#######
##########..$...#
#.......@o......#
#.#######o####..#
* #.# ....* , ,
#.#* o.$.## **
#.# .8.o##, ,* #.
#.# (#..o#* #.
#.###.#$8.# *
.#.# #. ####
#..## #....#
,.#.# #. ..#
#.#.#* ..##.#.#
#.


You could see an orc warrior, an orc priest and 2 orcs.

Vanquished Creatures
  Sigmund (D:3)
  Menkaure (D:4)
  Natasha (D:4)
  3 dart slugs
  6 orcs (D:4)
  2 ball pythons
  3 bats
  3 endoplasms
  4 giant cockroaches
  5 goblins
  4 hobgoblins
  8 jackals
  6 kobolds
  2 quokkas (D:1)
  2 frilled lizards
  2 rats
53 creatures vanquished.

Vanquished Creatures (others)
  6 demonic plants (D:1)
  3 fungi (D:1)
  4 plants (D:1)
  2 withered plants (D:1)
15 creatures vanquished.

Grand Total: 68 creatures vanquished

Notes
Turn   | Place    | Note
-------+----------+-------------------------------------------
     0 | D:1      | Octon the Deep Dwarf Fighter began the quest for the Orb.
     0 | D:1      | Reached XP level 1. HP: 20/20 MP: 1/1
   149 | D:1      | Reached XP level 2. HP: 21/27 MP: 2/2
   427 | D:1      | Found a faded altar of an unknown god.
   989 | D:2      | Reached XP level 3. HP: 26/33 MP: 3/3
  1407 | D:3      | Noticed Sigmund
  1442 | D:3      | Killed Sigmund
  1443 | D:3      | Reached skill level 1 in Dodging
  1443 | D:3      | Reached XP level 4. HP: 18/42 MP: 4/4
  1443 | D:3      | Reached XP level 5. HP: 21/49 MP: 5/5
  1851 | D:4      | Noticed Menkaure
  1867 | D:4      | HP: 1/49 [Menkaure/nerve-wracking pain (8)]
  1873 | D:4      | Killed Menkaure
  1874 | D:4      | Reached skill level 5 in Armour
  1874 | D:4      | Reached XP level 6. HP: 9/56 MP: 6/6
  1946 | D:4      | Noticed Natasha
  1952 | D:4      | Killed Natasha
  1953 | D:4      | Reached skill level 5 in Axes
  2311 | D:4      | Noticed an orc warrior
  2315 | D:4      | Slain by an orc

Illustrated notes

Levels and vault maps discovered:
D:1:      tarquinn_simple_flora_water_c, layout_loops_ring,
          shapermc_ecumenical_altar_gd
D:2:      layout_loops_ring
D:3:      layout_basic, uniq_ijyb, uniq_sigmund
D:4:      layout_basic, guppyfry_early_orc_mine, uniq_menkaure, uniq_natasha

Skill      XL: |  1  2  3  4  5  6 |
---------------+-------------------+-----
Armour         | 4 5 |  5.0
Fighting       | 3 |  3.4
Axes           | 4 5 |  5.1
Dodging        | 1 |  1.9
Stealth        | |  0.5
Shields        | |  3.9

Action                   |  1- 3 |  4- 6 || total
-------------------------+-------+-------++-------
Melee: War axe           |   114 |    53 ||   167
  Use: Potion            |     3 |     2 ||     5
       Scroll            |     2 |     8 ||    10
Armor: Scale mail        |    85 |    23 ||   108
Dodge: Dodged            |    77 |    27 ||   104
Block: Buckler           |    37 |     9 ||    46

Table legend: (Time is in decaauts)
 A = Elapsed time spent in this place.
 B = Non-inter-level travel time spent in this place.
 C = Inter-level travel time spent in this place.
 D = Time resting spent in this place.
 E = Time spent auto-exploring this place.
 F = Levels seen in this place.
 G = Mean time per level.
                   A        B        C        D        E       F      G
               +--------+--------+--------+--------+--------+-----+--------+
         Total |   2377 |    671 |   1706 |      0 |      0 |   4 |  594.2 |
       Dungeon |   2377 |    671 |   1706 |      0 |      0 |   4 |  594.2 |
               +--------+--------+--------+--------+--------+-----+--------+

Top non-repeatable levels by time:
     D:1: 773 daAuts
     D:2: 593 daAuts
     D:4: 556 daAuts
     D:3: 454 daAuts
